 Dungeon Crawl Stone Soup version 0.24-a0-201-gf2055891f0 (webtiles) character file.

Game seed: 7033051844692214035

219 Orphidia the Chopper (level 5, -6/47 HPs)
             Began as a Draconian Gladiator on Mar 21, 2019.
             Killed by divine providence
             ... invoked by an orc priest
              (16 damage)
             ... on level 3 of the Dungeon.
             The game lasted 00:04:08 (2598 turns).

Orphidia the Chopper (Draconian Gladiator)          Turns: 2598, Time: 00:04:09

Health: -6/47      AC:  5    Str: 16    XL:     5   Next: 63%
Magic:  5/5        EV: 13    Int:  8    God:
Gold:   62         SH:  0    Dex: 14    Spells: 4/4 levels left

rFire    . . .     SeeInvis .   a - +0 war axe
rCold    . . .     Gourm    .   (no shield)
rNeg     . . .     Faith    .   (armour unavailable)
rPois    .         Spirit   .   b - +0 hat
rElec    .         Reflect  .   (no cloak)
rCorr    .         Harm     .   (no gloves)
MR       .....                  (no boots)
Stlth    +.........             (no amulet)
HPRegen  0.15/turn              (no ring)
MPRegen  0.09/turn              (no ring)

@: no status effects
A: unfitting armour, cold-blooded, AC +5
a: no special abilities


You were on level 3 of the Dungeon.
You were hungry.

You visited 1 branch of the dungeon, and saw 3 of its levels.
You also visited: Sewer.

You collected 62 gold pieces.


Innate Abilities, Weirdness & Mutations

Your plain brown scales are hard. (AC +5)
You cannot fit into any form of body armour.
You are cold-blooded and may be slowed by cold attacks.


   Skills:
 + Level 4.9 Fighting
 + Level 5.0 Axes
 - Level 1.7 Throwing
 - Level 2.6 Dodging


You had 4 spell levels left.
You didn't know any spells.
Your spell library was empty.

Action                   |  1- 3 |  4- 6 || total
-------------------------+-------+-------++-------
Melee: War axe           |   118 |    58 ||   176
       Tailslap          |     9 |     5 ||    14
Throw: Throwing net      |       |     5 ||     5
  Use: Scroll            |     1 |     8 ||     9
 Stab: Sleeping          |     1 |     4 ||     5
  Eat: Chunk             |     3 |     2 ||     5
Armor: Skin              |    35 |    11 ||    46
Dodge: Dodged            |    85 |    51 ||   136

Inventory:

Hand Weapons
 a - a +0 war axe (weapon)
Missiles
 c - a throwing net (quivered)
Armour
 b - a +0 hat (worn)
Scrolls
 e - 3 scrolls of identify
 f - a scroll of amnesia
 h - 2 scrolls of remove curse
 k - a scroll of fog
 n - a scroll of teleportation
Potions
 i - 2 potions of heal wounds
 j - a potion of haste
 l - 2 potions of flight
Comestibles
 d - 4 rations
 g - 5 chunks of flesh {@w1}

##.........# #
##....?.....#
#.#...........#
#.............#
..............#
#..<........##
#............# ##
##....@........
..#......oo...(...
##.#....###o.......
##..#....#
#.#######
..##........#
#o#≈≈≈≈≈#
.......#.o..#
#.#≈≈.≈≈#
#.##...w......#
#)#≈≈≈≈≈# .....
#o##### #.#≈≈≈≈≈#
....
#.).o.###.#'#####.#


You could see an orc priest and 3 orcs.

Vanquished Creatures
  Purgy (Sewer)
  3 adders (D:2)
  A river rat (D:3)
  3 worms
  2 dart slugs (D:1)
  2 leopard geckos (D:2)
  An orc (D:3)
  14 bats
  3 giant cockroaches
  9 hobgoblins
  9 kobolds
  4 ball pythons
  5 frilled lizards
  5 goblins
  11 rats
73 creatures vanquished.

Levels and vault maps discovered:
D:1:      dpeg_arrival_rooms_a, layout_loops_ring, minivault_23
D:2:      layout_loops_corners
D:3:      layout_rooms, marbit_many_paths, portal_sewer_entry_c
Sewer:    kennysheep_door_sewer


Message History

You kill the goblin!
The rat bites you.
You barely miss the rat. The rat closely misses you.
You slash the rat!
You kill the rat!
You hit the orc. The orc misses you. The orc barely misses you.
Things that are here:
a ration; a rat corpse
Found 3 javelins.
Found a stone staircase leading up.
The orc priest hits you with a +0 hand axe!
You closely miss the orc priest. You barely miss the orc.
The orc priest calls down the wrath of Beogh upon you.
Pain shoots through your body! The orc closely misses you.
The orc priest hits you with a +0 hand axe.
* * * LOW HITPOINT WARNING * * *
Found a scroll labeled TAIXAC FACHUI.
The orc priest invokes the aid of Beogh against you.
Beogh smites you!
You die...

Notes
Turn   | Place    | Note
-------+----------+-------------------------------------------
     0 | D:1      | Orphidia the Draconian Gladiator began the quest for the
                  | Orb.
     0 | D:1      | Reached XP level 1. HP: 17/17 MP: 1/1
    91 | D:1      | Reached XP level 2. HP: 21/25 MP: 2/2
   869 | D:1      | Reached XP level 3. HP: 31/31 MP: 3/3
  1659 | D:2      | Reached skill level 4 in Axes
  1697 | D:2      | Reached XP level 4. HP: 40/40 MP: 4/4
  2184 | D:3      | Found a glowing drain.
  2211 | Sewer    | Entered a sewer
  2284 | Sewer    | Noticed Purgy
  2299 | Sewer    | Killed Purgy
  2299 | Sewer    | Reached XP level 5. HP: 33/47 MP: 5/5
  2576 | D:3      | Reached skill level 5 in Axes
  2598 | D:3      | Killed from afar by an orc priest
